 Dungeon Crawl Stone Soup version 0.30-a0-1102-g2dbb833546 (webtiles) character file.

Game seed: 7343440896946558055

263 GordonOverkill the Trooper (level 5, -3/42 HPs)
             Began as a Mummy Monk on Apr 18, 2023.
             Slain by a sleepcap (6 damage)
             ... on level 4 of the Dungeon.
             The game lasted 00:07:57 (2949 turns).

GordonOverkill the Trooper (Mummy Monk)             Turns: 2949, Time: 00:07:58

Health: -3/42      AC:  8    Str: 14    XL:     5   Next: 97%
Magic:  9/9        EV: 10    Int: 12    God:
Gold:   210        SH:  0    Dex: 14    Spells: 4/9 levels left

rFire   . . .      SeeInvis .    g - +2 short sword (speed)
rCold   + . .      Faith    +    c - orb {light}
rNeg    + + +      Spirit   .    h - +2 scale mail {rF+}
rPois   ∞          Reflect  .    (no helmet)
rElec   .          Rampage  .    (no cloak)
rCorr   .                        (no gloves)
Will    .....                    (no boots) Stlth
                                 (no amulet)
HPRegen 0.27/turn                (no ring)
MPRegen 0.11/turn                (no ring)

@: glowing
A: cold resistance 1, negative energy resistance 3, torment resistance 2, heat
vulnerability 1, in touch with death 1, no potions, faith
a: no special abilities


You were on level 4 of the Dungeon.
You visited 1 branch of the dungeon, and saw 4 of its levels.

You collected 210 gold pieces.

Inventory:

Hand Weapons
 a - a +0 hand axe
 g - a +2 short sword of speed (weapon)
Missiles
 e - 4 silver javelins
 j - a curare-tipped dart (quivered)
Armour
 b - a +0 robe
 c - an orb of light (worn)
 h - a +2 scale mail of fire resistance (worn)
Jewellery
 l - a +6 ring of strength
Scrolls
 k - a scroll of enchant armour {unknown}


   Skills:
 - Level 4.0 Fighting
 - Level 2.0 Short Blades
 - Level 2.7 Axes
 - Level 3.0 Dodging
 + Level 2.9 Spellcasting
 + Level 2.4 Necromancy


You had 4 spell levels left.
You knew the following spells:

 Your Spells              Type           Power      Damage    Failure   Level
a - Agony                 Necr           11%        N/A       100%        5

Your spell library contained the following spells:

 Spells                   Type           Power      Damage    Failure   Level
 Dazzling Flash           Conj/Hex       2%         N/A       98%         3
 Manifold Assault         Tloc           1%         N/A       100%        4
 Silence                  Hex/Air        0%         N/A       100%        5
 Dispersal                Tloc           0%         N/A       100%        6
 Summon Hydra             Summ           0%         N/A       100%        7
 Disjunction              Tloc           0%         N/A       100%        8
 Sublimation of Blood     Necr           Unusable   N/A       N/A         2
 Wereblood                Tmut           Unusable   N/A       N/A         2

Dungeon Overview and Level Annotations

Branches:
Dungeon (4/15)
 Temple: D:4-7

Altars:
Fedhas

Annotations:
D:3 2 transporters, nakedcarnage's ghost, weakling OpCK


Innate Abilities, Weirdness & Mutations

You are immune to poison.
Your flesh is cold resistant. (rC+)
You are immune to negative energy. (rN+++)
You are immune to unholy pain and torment.
You are vulnerable to heat. (rF-)
You are in touch with the powers of death.
You do not drink.
You have a special connection with the divine. (Faith)


Message History

You hit the sleepcap but do no damage.
The sleepcap is moderately damaged.
You hit the sleepcap.
The sleepcap is heavily damaged.
The sleepcap releases spores at you but does no damage.
You hit the sleepcap.
The sleepcap is heavily damaged.
The sleepcap releases spores at you.
* * * LOW HITPOINT WARNING * * *
You hit the sleepcap but do no damage.
The sleepcap is heavily damaged.
You hit the sleepcap but do no damage.
The sleepcap is heavily damaged.
The sleepcap barely misses you.
You hit the sleepcap but do no damage.
The sleepcap is heavily damaged.
You hit the sleepcap but do no damage.
The sleepcap is heavily damaged.
The sleepcap releases spores at you.
* * * LOW HITPOINT WARNING * * *
You hit the sleepcap but do no damage.
The sleepcap is heavily damaged.
The sleepcap releases spores at you.
* * * LOW HITPOINT WARNING * * *
You hit the sleepcap.
The sleepcap is severely damaged.
You hit the sleepcap.
The sleepcap is severely damaged.
The sleepcap releases spores at you but does no damage.
The sleepcap attacks as you move away! The sleepcap releases spores at you!
* * * LOW HITPOINT WARNING * * *
You can't drink.
As you read the scroll labelled RAIKLY XOKUSAW, it crumbles to dust.
You feel aware of your surroundings.
It was a scroll of magic mapping.
The sleepcap releases spores at you.
* * * LOW HITPOINT WARNING * * *
As you read the scroll labelled YVAKAWK MUSIJO, it crumbles to dust.
The scroll dissolves into smoke.
It was a scroll of fog.
The sleepcap releases spores at you.
You die...

***++****.,.,.....##....##.......
*,,,,,,,*.....#...##....###......
*,,,,,,,*#....##..............†..
**,,,,,,##?.............#.....†..
**,,,,,,..............###........
,,,,**,,.......##....###.........
**,,**,,.....?§§.§§#.......#.....
,**,,,,,.......§#§##.#...........
,****,,,.....#§§@####..........#.
<,,,,,,,*##....f##**,.###..###...
,,,>,,,**#....§§.......**,..,,,,,
,,,,,,**...........#...#*,,.,,,,,
,,,,,,,*........####,...,,,,,,,,,
**,,,,,*....#...#***,,,,,,,,,,*,*
,,,,,,**#.#......,*,,,,,*,*,,****
,****** #*.......,,,,,,,**,,,,,**
** ##......,,**,,,,,,,*,,**


You could see a sleepcap.

Vanquished Creatures
  A scorpion (D:4)
  Ijyb (D:4)
  8 adders
  3 gnolls
  2 worms (D:2)
  4 dart slugs
  4 ball pythons
  7 endoplasms
  3 giant cockroaches (D:1)
  5 goblins
  9 hobgoblins
  A quokka (D:2)
  3 bats (D:1)
  4 kobolds
  11 rats
66 creatures vanquished.

Vanquished Creatures (others)
  5 fungi (D:3)
  4 plants (D:3)
9 creatures vanquished.

Grand Total: 75 creatures vanquished

Notes
Turn   | Place    | Note
-------+----------+-------------------------------------------
     0 | D:1      | GordonOverkill the Mummy Monk began the quest for the Orb.
     0 | D:1      | Reached XP level 1. HP: 18/18 MP: 1/1
   202 | D:1      | Reached XP level 2. HP: 20/24 MP: 2/2
   602 | D:1      | Gained mutation: You are in touch with the powers of death.
                  | [Mummy growth]
   602 | D:1      | Reached XP level 3. HP: 29/29 MP: 3/3
  1096 | D:2      | Reached skill level 1 in Spellcasting
  1393 | D:2      | Reached skill level 1 in Necromancy
  1393 | D:2      | Reached XP level 4. HP: 29/36 MP: 5/5
  1674 | D:3      | Found a blossoming altar of Fedhas.
  1892 | D:3      | Found a faded altar of an unknown god.
  1941 | D:3      | Found a transporter.
  1944 | D:3      | Noticed nakedcarnage's ghost (weakling OpCK)
  1945 | D:3      | Found a transporter.
  2086 | D:3      | Reached skill level 1 in Short Blades
  2695 | D:3      | Reached XP level 5. HP: 26/42 MP: 6/8
  2705 | D:3      | Learned a level 5 spell: Agony
  2853 | D:4      | Reached skill level 4 in Fighting
  2921 | D:4      | Noticed Ijyb
  2928 | D:4      | Killed Ijyb
  2949 | D:4      | Slain by a sleepcap

Illustrated notes

Levels and vault maps discovered:
D:1:      minmay_arrival_stair_chambers, layout_loops_ring
D:2:      layout_loops_cross, kennysheep_generic_room_11
D:3:      layout_basic, fedhas_altar_3, dreamdust_ecumenical_altar_grove,
          gammafunk_ghost_arena
D:4:      layout_cave_pools, ebering_ghost_disaster_area,
          chequers_serial_rivers_small_3, uniq_ijyb

Skill      XL: |  1  2  3  4  5 |
---------------+----------------+-----
Spellcasting   | 1 2 |  2.9
Necromancy     | 1 2 |  2.4
Dodging        | 3 |  3.0
Short Blades   | 1 2 |  2.0
Fighting       | 4 |  4.0
Axes           | |  2.7

Action                     |  1- 3 |  4- 6 || total
---------------------------+-------+-------++-------
  Melee: Hand axe          |    42 |       ||    42
         Short sword       |    60 |   140 ||   200
  Throw: Javelin           |     7 |     2 ||     9
         Dart              |       |     2 ||     2
    Use: Scroll            |       |     5 ||     5
 Armour: Robe              |     8 |     7 ||    15
         Scale mail        |       |    21 ||    21
  Dodge: Dodged            |    35 |    62 ||    97

Table legend: (Time is in decaauts)
 A = Elapsed time spent in this place.
 B = Non-inter-level travel time spent in this place.
 C = Inter-level travel time spent in this place.
 D = Time resting spent in this place.
 E = Time spent auto-exploring this place.
 F = Levels seen in this place.
 G = Mean time per level.
                   A        B        C        D        E       F      G
               +--------+--------+--------+--------+--------+-----+--------+
         Total |   2890 |   2758 |    132 |    331 |   1852 |   4 |  722.5 |
       Dungeon |   2890 |   2758 |    132 |    331 |   1852 |   4 |  722.5 |
               +--------+--------+--------+--------+--------+-----+--------+

Top non-repeatable levels by time:
     D:2: 1043 daAuts
     D:1: 894 daAuts
     D:3: 790 daAuts
     D:4: 162 daAuts
